[ AOE2 MATCH · #507166076 ]
UnrankedMongols vs Magyars
Player's team · WIN
Rival team · LOSS
[ REPLAY ANALYSIS · EXTRACTED FROM THE RECORDED GAME ]
Feudal
8:50
Castle
22:37
Imperial
—
| APM avg | 43.9 |
| APM peak | 87 |
| eAPM avg | 16.0 |
| Villagers / military | 51 / 17 |
Focus
⚔️ 40.9% · 🌾 59.1%
Archer ×12 · Militia ×4 · Mangonel ×1
Feudal
11:04
Castle
15:52
Imperial
—
| APM avg | 43.5 |
| APM peak | 79 |
| eAPM avg | 22.0 |
| Villagers / military | 70 / 2 |
Focus
⚔️ 24.2% · 🌾 75.8%
Mangonel ×2
Match map
Initial resources + every placement click. Lines = walls · curves = elevation contours. ◆ gold · ⬟ stone · ● berries · ✦ relic · ◌ wall gap
Your base· Open — unwalled flank
Joseguizada4654's base· Open — 9t gap
Smoothed initial terrain · ◌ = detected wall gap · hover for details
Inputs per minute
— Redwood MC9 - - Joseguizada4654
Build order — Redwood MC9
142 actions detected in the replay
| 0:00 | Queue | Villager (Male) |
| 0:00 | Queue | Villager (Male) |
| 0:02 | Build | House |
| 0:03 | Build | House |
| 0:20 | Queue | Villager (Male) |
| 0:20 | Queue | Villager (Male) |
| 1:10 | Queue | Villager (Male) |
| 1:54 | Build | House |
| 1:55 | Build | Lumber Camp |
| 2:03 | Queue | Villager (Male) |
| 2:28 | Queue | Villager (Male) |
| 2:28 | Queue | Villager (Male) |
| 2:29 | Queue | Villager (Male) |
| 2:29 | Queue | Villager (Male) |
| 2:50 | Queue | Villager (Male) |
| 2:50 | Queue | Villager (Male) |
| 3:28 | Queue | Villager (Male) ×2 |
| 4:19 | Queue | Villager (Male) ×3 |
| 5:16 | Build | Barracks |
| 5:32 | Queue | Villager (Male) |
| 5:43 | Research | Loom |
| 5:59 | Build | House |
| 6:18 | Research | Feudal Age |
| 6:37 | Build | House |
| 6:39 | Queue | Militia ×3 |
| 7:18 | Queue | Militia |
| 7:21 | Build | House |
| 7:37 | Build | Mining Camp |
| 8:13 | Queue | Villager (Male) |
| 8:23 | Build | Palisade Wall |
| 8:25 | Build | House |
| 8:44 | Build | Mill |
| 8:50 | Age | Feudal Age |
| 8:56 | Research | Man-at-Arms (upgrade) |
| 9:01 | Build | Archery Range |
| 10:02 | Queue | Villager (Male) |
| 10:38 | Build | Watch Tower |
| 10:47 | Queue | Villager (Male) |
| 10:50 | Queue | Archer ×2 |
| 10:51 | Queue | Archer ×2 |
| 11:19 | Queue | Villager (Male) |
| 11:20 | Queue | Villager (Male) |
| 11:55 | Queue | Villager (Male) |
| 11:57 | Build | Blacksmith |
| 12:28 | Queue | Villager (Male) |
| 12:31 | Queue | Villager (Male) |
| 12:51 | Build | House |
| 13:08 | Queue | Villager (Male) |
| 13:10 | Build | Farm |
| 13:12 | Build | Farm |
| 13:13 | Build | Farm |
| 13:15 | Build | Farm |
| 13:23 | Build | House |
| 13:38 | Build | Mining Camp |
| 13:40 | Queue | Villager (Male) |
| 13:46 | Research | Fletching |
| 14:20 | Queue | Villager (Male) |
| 14:25 | Build | Farm |
| 14:37 | Queue | Archer |
| 14:37 | Queue | Archer ×5 |
| 14:52 | Queue | Villager (Male) |
| 15:26 | Queue | Villager (Male) |
| 15:49 | Build | Watch Tower |
| 15:53 | Queue | Villager (Male) |
| 16:17 | Queue | Villager (Male) |
| 16:19 | Queue | Archer |
| 16:19 | Queue | Archer |
| 16:34 | Queue | Villager (Male) |
| 16:37 | Build | Farm |
| 16:40 | Build | House |
| 16:52 | Build | Palisade Wall |
| 16:52 | Build | Palisade Wall |
| 16:52 | Build | Palisade Wall |
| 16:52 | Build | Palisade Wall |
| 16:53 | Build | Palisade Wall |
| 16:53 | Build | Palisade Wall |
| 16:53 | Build | Palisade Wall |
| 16:53 | Build | Palisade Wall |
| 16:54 | Build | Palisade Wall |
| 16:54 | Build | Palisade Wall |
| 17:08 | Queue | Villager (Male) |
| 17:11 | Build | Farm |
| 17:12 | Research | Horse Collar |
| 17:29 | Build | Watch Tower |
| 17:45 | Queue | Villager (Male) |
| 17:48 | Build | Farm |
| 17:55 | Build | Outpost |
| 18:36 | Queue | Villager (Male) |
| 18:59 | Build | Palisade Wall |
| 19:00 | Build | Palisade Wall |
| 19:00 | Build | Palisade Wall |
| 19:00 | Build | Palisade Wall |
| 19:00 | Build | Palisade Wall |
| 19:01 | Build | Palisade Wall |
| 19:01 | Build | Palisade Wall |
| 19:01 | Build | Palisade Wall |
| 19:02 | Build | Palisade Wall |
| 19:02 | Build | Palisade Wall |
| 19:02 | Build | Palisade Wall |
| 19:02 | Build | Palisade Wall |
| 19:09 | Build | Stone Wall |
| 19:09 | Build | Stone Wall |
| 19:09 | Build | Stone Wall |
| 19:09 | Build | Stone Wall |
| 19:10 | Build | Stone Wall |
| 19:10 | Build | Stone Wall |
| 19:10 | Build | Stone Wall |
| 19:11 | Queue | Villager (Male) |
| 19:15 | Build | Farm |
| 19:24 | Build | Farm |
| 19:24 | Build | Farm |
| 19:24 | Build | Farm |
| 19:54 | Queue | Villager (Male) |
| 19:57 | Research | Castle Age |
| 20:20 | Research | Padded Archer Armor |
| 20:26 | Build | Outpost |
| 20:33 | Build | Watch Tower |
| 20:56 | Build | Farm |
| 20:57 | Research | Gold Mining |
| 20:59 | Research | Double-Bit Axe |
| 21:35 | Queue | Villager (Male) |
| 22:03 | Build | Stone Wall |
| 22:03 | Build | Stone Wall |
| 22:04 | Build | Stone Wall |
| 22:05 | Build | Stone Wall |
| 22:14 | Build | Stone Wall |
| 22:37 | Age | Castle Age |
| 22:40 | Build | University |
| 22:50 | Queue | Villager (Male) |
| 22:51 | Research | Bodkin Arrow |
| 23:05 | Research | Crossbowman (upgrade) |
| 23:11 | Build | House |
| 23:12 | Build | House |
| 23:37 | Queue | Villager (Male) ×4 |
| 23:37 | Queue | Villager (Male) ×4 |
| 24:49 | Build | Siege Workshop |
| 25:12 | Queue | Villager (Male) |
| 25:30 | Queue | Mangonel |
| 25:33 | Build | Outpost |
| 25:44 | Queue | Villager (Male) |
| 26:03 | Build | Castle |
| 26:41 | Build | Town Center |
Build order — Joseguizada4654
143 actions detected in the replay
| 0:03 | Queue | Villager (Male) |
| 0:03 | Queue | Villager (Male) |
| 0:03 | Queue | Villager (Male) |
| 0:04 | Build | House |
| 0:06 | Build | House |
| 0:10 | Queue | Villager (Male) |
| 0:10 | Queue | Villager (Male) |
| 1:37 | Queue | Villager (Male) |
| 1:37 | Queue | Villager (Male) |
| 2:02 | Build | Lumber Camp |
| 2:12 | Queue | Villager (Male) |
| 2:12 | Queue | Villager (Male) |
| 2:27 | Queue | Villager (Male) |
| 2:27 | Queue | Villager (Male) |
| 2:47 | Build | House |
| 2:50 | Build | House |
| 3:02 | Queue | Villager (Male) |
| 3:02 | Queue | Villager (Male) |
| 3:18 | Queue | Villager (Male) |
| 3:19 | Queue | Villager (Male) |
| 3:37 | Queue | Villager (Male) |
| 3:37 | Queue | Villager (Male) |
| 4:19 | Queue | Villager (Male) |
| 4:20 | Queue | Villager (Male) |
| 4:39 | Queue | Villager (Male) |
| 4:40 | Queue | Villager (Male) |
| 4:40 | Queue | Villager (Male) |
| 4:54 | Build | Mill |
| 4:58 | Queue | Villager (Male) |
| 4:58 | Queue | Villager (Male) |
| 5:26 | Queue | Villager (Male) |
| 5:28 | Queue | Villager (Male) |
| 5:28 | Queue | Villager (Male) |
| 5:46 | Build | Palisade Wall |
| 5:52 | Build | Palisade Wall |
| 6:00 | Queue | Villager (Male) |
| 6:10 | Build | Palisade Wall |
| 6:12 | Build | Palisade Wall |
| 6:32 | Build | Palisade Wall |
| 6:36 | Build | Palisade Wall |
| 6:59 | Build | Palisade Wall |
| 7:08 | Queue | Villager (Male) |
| 7:26 | Queue | Villager (Male) |
| 7:31 | Build | Palisade Wall |
| 7:34 | Build | Palisade Wall |
| 7:38 | Queue | Villager (Male) |
| 7:39 | Build | Palisade Wall |
| 7:46 | Build | Mining Camp |
| 7:50 | Build | Palisade Wall |
| 7:52 | Build | Palisade Wall |
| 8:22 | Research | Loom |
| 8:36 | Build | Palisade Wall |
| 8:36 | Build | Palisade Wall |
| 8:37 | Build | Palisade Wall |
| 8:45 | Research | Feudal Age |
| 8:49 | Build | Palisade Wall |
| 8:53 | Build | Palisade Wall |
| 8:53 | Build | Palisade Wall |
| 9:10 | Build | Palisade Wall |
| 9:11 | Build | Palisade Wall |
| 9:15 | Build | Palisade Wall |
| 9:41 | Build | Palisade Wall |
| 9:42 | Build | Palisade Wall |
| 9:43 | Build | Palisade Wall |
| 9:43 | Build | Palisade Wall |
| 9:44 | Build | Palisade Wall |
| 9:56 | Build | Palisade Gate |
| 10:01 | Build | Palisade Wall |
| 10:19 | Build | Palisade Wall |
| 10:34 | Build | House |
| 10:46 | Queue | Villager (Male) |
| 10:47 | Queue | Villager (Male) |
| 10:53 | Build | Palisade Wall |
| 10:58 | Build | Palisade Wall |
| 11:01 | Build | Palisade Wall |
| 11:04 | Age | Feudal Age |
| 11:11 | Build | Watch Tower |
| 11:12 | Queue | Villager (Male) |
| 11:26 | Build | Palisade Wall |
| 12:14 | Build | Market |
| 12:18 | Build | Blacksmith |
| 13:12 | Research | Castle Age |
| 13:18 | Build | Watch Tower |
| 13:37 | Build | Farm |
| 14:28 | Build | Farm |
| 14:28 | Build | Farm |
| 14:49 | Build | Mining Camp |
| 15:26 | Queue | Villager (Male) |
| 15:39 | Build | Farm |
| 15:41 | Build | Farm |
| 15:51 | Queue | Villager (Male) |
| 15:52 | Age | Castle Age |
| 16:34 | Queue | Villager (Male) |
| 17:03 | Build | House |
| 17:12 | Queue | Villager (Male) |
| 17:12 | Queue | Villager (Male) |
| 18:02 | Build | Town Center |
| 18:57 | Queue | Villager (Male) |
| 18:57 | Queue | Villager (Male) |
| 19:48 | Queue | Villager (Male) |
| 19:48 | Queue | Villager (Male) |
| 20:08 | Build | Farm |
| 20:23 | Queue | Villager (Male) |
| 20:23 | Queue | Villager (Male) |
| 20:37 | Build | Farm |
| 21:00 | Queue | Villager (Male) |
| 21:00 | Queue | Villager (Male) |
| 21:13 | Build | Siege Workshop |
| 21:55 | Queue | Mangonel |
| 21:55 | Queue | Mangonel |
| 21:55 | Queue | Villager (Male) |
| 21:56 | Queue | Villager (Male) |
| 22:27 | Build | Farm |
| 22:34 | Queue | Villager (Male) |
| 22:42 | Build | Farm |
| 22:49 | Build | Farm |
| 23:07 | Queue | Villager (Male) |
| 23:08 | Queue | Villager (Male) |
| 23:14 | Build | Farm |
| 23:29 | Queue | Villager (Male) |
| 23:29 | Queue | Villager (Male) |
| 23:39 | Queue | Villager (Male) |
| 23:39 | Queue | Villager (Male) |
| 24:03 | Queue | Villager (Male) |
| 24:03 | Queue | Villager (Male) |
| 24:14 | Queue | Villager (Male) |
| 24:14 | Queue | Villager (Male) |
| 24:32 | Queue | Villager (Male) |
| 24:33 | Queue | Villager (Male) |
| 25:09 | Queue | Villager (Male) |
| 25:10 | Queue | Villager (Male) |
| 25:21 | Build | Farm |
| 25:35 | Build | House |
| 25:43 | Queue | Villager (Male) |
| 25:44 | Queue | Villager (Male) |
| 25:55 | Queue | Villager (Male) |
| 25:55 | Queue | Villager (Male) |
| 25:57 | Build | Farm |
| 26:00 | Build | Outpost |
| 26:04 | Build | Outpost |
| 26:09 | Build | Farm |
| 26:26 | Queue | Villager (Male) |
| 26:27 | Queue | Villager (Male) |
Match timeline
| 5:16 | Redwood MC9 · first_building Barracks |
| 5:46 | Joseguizada4654 · wall_segment Palisade Wall x1 |
| 5:52 | Joseguizada4654 · wall_segment Palisade Wall x5 |
| 6:10 | Joseguizada4654 · wall_segment Palisade Wall x1 |
| 6:12 | Joseguizada4654 · wall_segment Palisade Wall x3 |
| 6:32 | Joseguizada4654 · wall_segment Palisade Wall x1 |
| 6:36 | Joseguizada4654 · wall_segment Palisade Wall x1 |
| 6:59 | Joseguizada4654 · wall_segment Palisade Wall x1 |
| 7:31 | Joseguizada4654 · wall_segment Palisade Wall x1 |
| 7:34 | Joseguizada4654 · wall_segment Palisade Wall x4 |
| 7:39 | Joseguizada4654 · wall_segment Palisade Wall x1 |
| 7:50 | Joseguizada4654 · wall_segment Palisade Wall x1 |
| 7:52 | Joseguizada4654 · wall_segment Palisade Wall x5 |
| 8:23 | Redwood MC9 · wall_segment Palisade Wall x1 |
| 8:36 | Joseguizada4654 · wall_segment Palisade Wall x1 |
| 8:36 | Joseguizada4654 · wall_segment Palisade Wall x1 |
| 8:37 | Joseguizada4654 · wall_segment Palisade Wall x1 |
| 8:49 | Joseguizada4654 · wall_segment Palisade Wall x1 |
| 8:50 | Redwood MC9 · age_up feudal |
| 8:53 | Joseguizada4654 · wall_segment Palisade Wall x1 |
| 8:53 | Joseguizada4654 · wall_segment Palisade Wall x1 |
| 9:01 | Redwood MC9 · first_building Archery Range |
| 9:10 | Joseguizada4654 · wall_segment Palisade Wall x1 |
| 9:11 | Joseguizada4654 · wall_segment Palisade Wall x1 |
| 9:15 | Joseguizada4654 · wall_segment Palisade Wall x1 |
| 9:41 | Joseguizada4654 · wall_segment Palisade Wall x1 |
| 9:42 | Joseguizada4654 · wall_segment Palisade Wall x1 |
| 9:43 | Joseguizada4654 · wall_segment Palisade Wall x1 |
| 9:43 | Joseguizada4654 · wall_segment Palisade Wall x2 |
| 9:44 | Joseguizada4654 · wall_segment Palisade Wall x1 |
| 10:01 | Joseguizada4654 · wall_segment Palisade Wall x1 |
| 10:19 | Joseguizada4654 · wall_segment Palisade Wall x1 |
| 10:53 | Joseguizada4654 · wall_segment Palisade Wall x1 |
| 10:58 | Joseguizada4654 · wall_segment Palisade Wall x1 |
| 11:01 | Joseguizada4654 · wall_segment Palisade Wall x1 |
| 11:04 | Joseguizada4654 · age_up feudal |
| 11:26 | Joseguizada4654 · wall_segment Palisade Wall x1 |
| 13:10 | Joseguizada4654 · first_market_sell 100 stone |
| 15:52 | Joseguizada4654 · age_up castle |
| 16:52 | Redwood MC9 · wall_segment Palisade Wall x1 |
| 16:52 | Redwood MC9 · wall_segment Palisade Wall x1 |
| 16:52 | Redwood MC9 · wall_segment Palisade Wall x2 |
| 16:52 | Redwood MC9 · wall_segment Palisade Wall x2 |
| 16:53 | Redwood MC9 · wall_segment Palisade Wall x1 |
| 16:53 | Redwood MC9 · wall_segment Palisade Wall x1 |
| 16:53 | Redwood MC9 · wall_segment Palisade Wall x2 |
| 16:53 | Redwood MC9 · wall_segment Palisade Wall x1 |
| 16:54 | Redwood MC9 · wall_segment Palisade Wall x1 |
| 16:54 | Redwood MC9 · wall_segment Palisade Wall x1 |
| 18:59 | Redwood MC9 · wall_segment Palisade Wall x1 |
| 19:00 | Redwood MC9 · wall_segment Palisade Wall x1 |
| 19:00 | Redwood MC9 · wall_segment Palisade Wall x2 |
| 19:00 | Redwood MC9 · wall_segment Palisade Wall x1 |
| 19:00 | Redwood MC9 · wall_segment Palisade Wall x1 |
| 19:01 | Redwood MC9 · wall_segment Palisade Wall x1 |
| 19:01 | Redwood MC9 · wall_segment Palisade Wall x3 |
| 19:01 | Redwood MC9 · wall_segment Palisade Wall x2 |
| 19:02 | Redwood MC9 · wall_segment Palisade Wall x2 |
| 19:02 | Redwood MC9 · wall_segment Palisade Wall x1 |
| 19:02 | Redwood MC9 · wall_segment Palisade Wall x2 |
| 19:02 | Redwood MC9 · wall_segment Palisade Wall x1 |
| 19:09 | Redwood MC9 · wall_segment Stone Wall x1 |
| 19:09 | Redwood MC9 · wall_segment Stone Wall x1 |
| 19:09 | Redwood MC9 · wall_segment Stone Wall x1 |
| 19:09 | Redwood MC9 · wall_segment Stone Wall x1 |
| 19:10 | Redwood MC9 · wall_segment Stone Wall x1 |
| 19:10 | Redwood MC9 · wall_segment Stone Wall x2 |
| 19:10 | Redwood MC9 · wall_segment Stone Wall x1 |
| 21:05 | Joseguizada4654 · first_market_buy 100 wood |
| 21:13 | Joseguizada4654 · first_building Siege Workshop |
| 22:03 | Redwood MC9 · wall_segment Stone Wall x1 |
| 22:03 | Redwood MC9 · wall_segment Stone Wall x1 |
| 22:04 | Redwood MC9 · wall_segment Stone Wall x1 |
| 22:05 | Redwood MC9 · wall_segment Stone Wall x1 |
| 22:14 | Redwood MC9 · wall_segment Stone Wall x1 |
| 22:37 | Redwood MC9 · age_up castle |
| 24:49 | Redwood MC9 · first_building Siege Workshop |
| 26:03 | Redwood MC9 · first_building Castle |
| 26:48 | Joseguizada4654 · resign |
[ AI ANALYSIS · 1 CREDIT ]
What really happened in this match?
Wolo.gg analyzes every decision: build order, eco, micro, common mistakes by bracket. Personalized analysis on WhatsApp or Discord in 30 seconds.
Civ guide
Mongols
Perfil
Jugador #10953296